 Dungeon Crawl Stone Soup version 0.28-a0-500-g121bc3e445 (webtiles) character file.

Game seed: 12721064869078406275

901 speeev33 the Poker (level 8, -2/64 HPs)
             Began as a Merfolk Fighter on Sept 19, 2021.
             Was an Initiate of Okawaru.
             Slain by a two-headed ogre (20 damage)
             ... on level 7 of the Dungeon.
             The game lasted 00:11:37 (6871 turns).

speeev33 the Poker (Merfolk Fighter)                Turns: 6871, Time: 00:11:38

Health: -2/64      AC: 11    Str: 19    XL:     8   Next: 7%
Magic:  8/8        EV:  7    Int:  7    God:    Okawaru [......]
Gold:   358        SH:  5    Dex: 13    Spells: 7/7 levels left

rFire   . . .      SeeInvis .   a - +1 trident
rCold   . . .      Faith    .   c - +0 buckler
rNeg    . . .      Spirit   .   q - +0 chain mail
rPois   .          Reflect  .   b - +0 helmet
rElec   .          Harm     .   (no cloak)
rCorr   .          Rampage  .   n - +0 pair of gloves
Will    .....                   (no boots)
Stlth   ..........              (no amulet)
HPRegen 0.20/turn               (no ring)
MPRegen 0.11/turn               (no ring)

@: very slightly contaminated
A: (nimble swimmer 2), mertail
a: Renounce Religion


You were on level 7 of the Dungeon.
You worshipped Okawaru.
Okawaru was noncommittal.
You visited 2 branches of the dungeon, and saw 8 of its levels.

You collected 358 gold pieces.

Inventory:

Hand Weapons
 a - a +1 trident (weapon)
Armour
 b - a +0 helmet (worn)
 c - a +0 buckler (worn)
 n - a +0 pair of gloves (worn)
 q - a +0 chain mail (worn)
Scrolls
 d - a scroll of magic mapping
 e - 3 scrolls of enchant armour
 g - 2 scrolls of teleportation
 m - a scroll of amnesia
 o - a scroll of silence
Potions
 f - a potion of curing
 h - a potion of resistance
 j - a potion of magic
 l - a potion of cancellation {unknown}
 p - a potion of flight {unknown}


   Skills:
 + Level 6.3 Fighting
 + Level 7.5 Polearms
 + Level 4.3 Armour
 - Level 4.0 Shields


You had 7 spell levels left.
You didn't know any spells.
Your spell library contained the following spells:

 Spells                   Type           Power      Damage    Failure   Level
 Passwall                 Tmut/Erth      0%         N/A       100%        2
 Slow                     Hex            0%         N/A       100%        2
 Confusing Touch          Hex            0%         N/A       100%        3
 Conjure Flame            Conj/Fire      0%         6-21      100%        3
 Ignite Poison            Fire/Tmut/Pois 0%         N/A       100%        3
 Portal Projectile        Hex/Tloc       0%         N/A       100%        3
 Swiftness                Air            0%         N/A       100%        3
 Sticky Flame             Conj/Fire      0%         2d3       100%        4
 Blade Hands              Tmut           0%         N/A       100%        5
 Excruciating Wounds      Necr           0%         N/A       100%        5
 Yara's Violent Unravell  Hex/Tmut       0%         3d3       100%        5
 Invisibility             Hex            0%         N/A       100%        6


Dungeon Overview and Level Annotations

Branches:
Dungeon (7/15)             Temple (1/1) D:7

Altars:
Ashenzari
Cheibriados
Dithmenos
Elyvilon
Fedhas
Gozag
Hepliaklqana
Kikubaaqudgha
Makhleb
Nemelex Xobeh
Okawaru
Qazlal
Ru
Sif Muna
Trog
Uskayaw
Vehumet
Wu Jian
Yredelemnul
Zin


Innate Abilities, Weirdness & Mutations

((You are quick and stealthy near water. (Stealth+, EV+, Speed+++)))
Your lower body shifts to a powerful aquatic tail in water.


Message History

A two-headed ogre comes into view. It is wielding two +0 giant clubs.
There is a stone staircase leading down here.
A two-headed ogre is nearby!
You fade into invisibility!
You are very lightly contaminated with residual magic.
Reach: a) +1 trident
Press: ? - help, Dir - move target, f - two-headed ogre
Aim: a two-headed ogre, wielding two +0 giant clubs (about 23% to evade your +1 trident)
You reach to attack!
You puncture the two-headed ogre!
The two-headed ogre is lightly wounded.
Reach: a) +1 trident
Press: ? - help, Dir - move target, f/p - two-headed ogre
Aim: a two-headed ogre, wielding two +0 giant clubs (lightly wounded, about 23% to evade your +1 trident)
You reach to attack!
You puncture the two-headed ogre!
The two-headed ogre is moderately wounded.
There is a stone staircase leading down here.
Reach: a) +1 trident
Press: ? - help, Dir - move target, f/p - two-headed ogre
Aim: a two-headed ogre, wielding two +0 giant clubs (moderately wounded, about 23% to evade your +1 trident)
You reach to attack!
You puncture the two-headed ogre!
The two-headed ogre is heavily wounded.
You hit the two-headed ogre.
The two-headed ogre is heavily wounded.
The two-headed ogre hits you with a +0 giant club!!
You block the two-headed ogre's attack.
You flicker for a moment.
You flicker back into view.
Reach: a) +1 trident
Press: ? - help, Dir - move target, f/p - two-headed ogre
Aim: a two-headed ogre, wielding two +0 giant clubs (moderately wounded, about 23% to evade your +1 trident)
You hit the two-headed ogre.
The two-headed ogre is moderately wounded.
The two-headed ogre barely misses you.
The two-headed ogre hits you with a +0 giant club!
You puncture the two-headed ogre!
The two-headed ogre is heavily wounded.
The two-headed ogre hits you with a +0 giant club!!
* * * LOW HITPOINT WARNING * * *
The two-headed ogre hits you with a +0 giant club!!
You die...

........>#
###.####.# #.# #.#
#.# #.# #.#####
#.#.O.# #####
#.#.#@# ....#
#.#.#.#
....########.#.#.#
....'......#.#.#.#
....####.###.....#
.....# #.# ###.###
^....# #.# #.###
≈....###.# #...#
≈≈≈...##.#######.#


You could see a two-headed ogre.

Vanquished Creatures
  An ogre (D:4)
  A phantom (D:5)
  2 scorpions
  A howler monkey (D:5)
  A bullfrog zombie (D:6)
  2 jellies
  2 hounds
  4 orc priests
  2 bullfrog skeletons (D:6)
  2 iguanas (D:5)
  2 orc wizards (D:6)
  A hound skeleton (D:4)
  4 adders
  A shadow imp (D:6)
  A white imp (D:5)
  2 worms
  A dart slug (D:4)
  10 orcs
  9 ball pythons
  4 endoplasms
  4 giant cockroaches
  4 goblins
  6 hobgoblins
  11 jackals
  2 quokkas
  6 bats
  8 frilled lizards
  7 kobolds
  6 rats
107 creatures vanquished.

Vanquished Creatures (others)
  A plant (D:4)
1 creature vanquished.

Grand Total: 108 creatures vanquished

Notes
Turn   | Place    | Note
-------+----------+-------------------------------------------
     0 | D:1      | speeev33 the Merfolk Fighter began the quest for the Orb.
     0 | D:1      | Reached XP level 1. HP: 18/18 MP: 1/1
   135 | D:1      | Reached XP level 2. HP: 17/24 MP: 2/2
   926 | D:1      | Reached XP level 3. HP: 29/29 MP: 3/3
  2162 | D:3      | Reached XP level 4. HP: 37/37 MP: 4/4
  2164 | D:3      | Reached skill level 4 in Polearms
  2274 | D:3      | Found a faded altar of an unknown god.
  2437 | D:3      | Found a broken altar of Ashenzari.
  3528 | D:4      | Noticed an ogre
  3540 | D:4      | Killed an ogre
  3541 | D:4      | Reached XP level 5. HP: 43/43 MP: 5/5
  3568 | D:4      | Found a sparkling altar of Nemelex Xobeh.
  3774 | D:4      | HP: 2/43 [scorpion (3)]
  3777 | D:4      | Reached skill level 5 in Polearms
  3777 | D:4      | Reached XP level 6. HP: 3/49 MP: 6/6
  4092 | D:4      | Found a blossoming altar of Fedhas.
  4219 | D:5      | Entered Level 5 of the Dungeon
  4262 | D:5      | Reached skill level 5 in Fighting
  4542 | D:5      | Reached skill level 6 in Polearms
  4542 | D:5      | Reached XP level 7. HP: 30/56 MP: 7/7
  5088 | D:5      | Found a burning altar of Makhleb.
  5679 | D:6      | Reached skill level 7 in Polearms
  6280 | D:6      | Reached XP level 8. HP: 57/64 MP: 8/8
  6653 | D:7      | Found a staircase to the Ecumenical Temple.
  6668 | Temple   | Entered the Ecumenical Temple
  6755 | Temple   | Became a worshipper of Warmaster Okawaru
  6823 | D:7      | Noticed a two-headed ogre
  6871 | D:7      | Slain by a two-headed ogre

Illustrated notes

Levels and vault maps discovered:
D:1:      beargit_arrival_diablo_church, layout_basic
D:2:      layout_rooms
D:3:      layout_basic, ashenzari_altar_1, basic_ecumenical_altar
D:4:      layout_rooms, lemuel_doored_altar, fedhas_ov_isle_minmay, st_stairs_1,
          amcnicky_mini_corridor_feature
D:5:      layout_cave_pools, lightli_temple_of_fire
D:6:      layout_loops_cross
D:7:      layout_basic, general_overflow_altar, temple_pool_b,
          gammafunk_ghost_cemetery, minivault_24, kennysheep_generic_room_11
Temple:   eino_temple_scatter_basement

Skill      XL: |  1  2  3  4  5  6  7 |
---------------+----------------------+-----
Polearms       | 4 5 6 7 |  7.5
Fighting       | 4 5 6 |  6.3
Armour         | 3 4 |  4.3
Shields        | 4 |  4.0

Action                   |  1- 3 |  4- 6 |  7- 9 || total
-------------------------+-------+-------+-------++-------
Melee: Trident           |   152 |   132 |   121 ||   405
       Tailslap          |       |       |     1 ||     1
Throw: Throwing net      |       |     1 |       ||     1
  Use: Scroll            |     5 |     8 |     3 ||    16
       Potion            |       |     2 |     1 ||     3
Armor: Scale mail        |    65 |    29 |    20 ||   114
       Chain mail        |       |       |     2 ||     2
Dodge: Dodged            |    77 |    49 |    32 ||   158
Block: Buckler           |    24 |    22 |    25 ||    71

Table legend: (Time is in decaauts)
 A = Elapsed time spent in this place.
 B = Non-inter-level travel time spent in this place.
 C = Inter-level travel time spent in this place.
 D = Time resting spent in this place.
 E = Time spent auto-exploring this place.
 F = Levels seen in this place.
 G = Mean time per level.
                   A        B        C        D        E       F      G
               +--------+--------+--------+--------+--------+-----+--------+
         Total |   6892 |   6729 |    163 |   2224 |   3333 |   8 |  861.5 |
       Dungeon |   6791 |   6640 |    151 |   2224 |   3267 |   7 |  970.1 |
        Temple |    100 |     88 |     12 |      0 |     66 |   1 |  100.0 |
               +--------+--------+--------+--------+--------+-----+--------+

Top non-repeatable levels by time:
     D:1: 1373 daAuts
     D:3: 1267 daAuts
     D:6: 1216 daAuts
     D:5: 1033 daAuts
     D:4: 846 daAuts
     D:2: 778 daAuts
     D:7: 276 daAuts
  Temple: 100 daAuts
